 Dungeon Crawl Stone Soup version 0.30-a0-567-gf7fd966b4a (webtiles) character file.

Game seed: 1452228896233144127

164 Barriton the Slasher (level 5, -1/46 HPs)
             Began as a Draconian Chaos Knight on Dec 28, 2022.
             Was a Plaything of Xom.
             Slain by an iron imp (4 damage)
             ... summoned by Xom
             ... on level 4 of the Dungeon.
             The game lasted 00:06:53 (3282 turns).

Barriton the Slasher (Draconian Chaos Knight)       Turns: 3282, Time: 00:06:53

Health: -1/46      AC:  7    Str: 15    XL:     5   Next: 21%
Magic:  3/5        EV: 12    Int: 16    God:    Xom [.....*]
Gold:   27         SH:  0    Dex: 12    Spells: 4/4 levels left

rFire   . . .      SeeInvis .    c - +2 quarterstaff (chaos)
rCold   . . .      Faith    .    (shield currently unavailable)
rNeg    . . .      Spirit   .    (body armour unavailable)
rPois   .          Reflect  .    (helmet restricted)
rElec   .          Harm     .    n - +1 cloak
rCorr   .          Rampage  .    (no gloves)
Will    .....                    (no boots)
Stlth   ++                       (no amulet)
HPRegen 0.27/turn                q - +6 ring of intelligence
MPRegen 0.09/turn                (no ring)

@: no status effects
A: AC +5, unfitting armour, cold-blooded, antennae 1, talons 1, dopey 1
a: Renounce Religion


You were on level 4 of the Dungeon.
You worshipped Xom.
You were Xom's teddy bear.
You visited 1 branch of the dungeon, and saw 4 of its levels.

You collected 123 gold pieces.
You spent 96 gold pieces at shops.

Inventory:

Hand Weapons
 a - a +0 falchion of chaos
 c - a +2 quarterstaff of chaos (weapon)
 o - a +0 hammer
Missiles
 f - 9 poisoned darts (quivered)
Armour
 n - a +1 cloak (worn)
Jewellery
 q - a +6 ring of intelligence (left hand)
Scrolls
 d - a scroll of summoning
 k - a scroll of fear
 p - a scroll of torment
Potions
 e - 2 potions of curing
 g - 2 potions of magic
 h - a potion of ambrosia
 i - 2 potions of lignification
 j - a potion of cancellation
 m - a potion of degeneration
Miscellaneous
 b - a piece from Xom's chessboard (15/15)


   Skills:
 + Level 4.2 Fighting
 + Level 4.6 Long Blades
 + Level 0.2 Throwing
 + Level 3.0 Dodging
 + Level 1.0 Stealth


You had 4 spell levels left.
You didn't know any spells.
Your spell library contained the following spells:

 Spells                   Type           Power      Damage    Failure   Level
 Apportation              Tloc           0%         N/A       26%         1
 Hailstorm                Conj/Ice       0%         3d3       58%         3
 Ice Form                 Ice/Tmut       0%         N/A       94%         4
 Alistair's Intoxication  Tmut/Pois      0%         N/A       100%        5
 Simulacrum               Ice/Necr       0%         N/A       100%        6


Dungeon Overview and Level Annotations

Branches:
Dungeon (4/15)
 Temple: D:4-7

Altars:

Shops:
D:3 *!!?

Annotations:
D:3 Natasha


Innate Abilities, Weirdness & Mutations

Your plain brown scales are hard. (AC +5)
You cannot fit into any form of body armour.
You are cold-blooded and may be slowed by cold attacks.
You have a pair of small antennae on your head.
You have sharp toenails.
You are dopey. (Int -2)


Message History

The chaos spawn hits you but does no damage.
The shadow imp barely misses you.
You hit the chaos spawn but do no damage.
You tail-slap the chaos spawn, but do no damage.
The chaos spawn is lightly wounded.
The chaos spawn hits you! The shadow imp closely misses you.
The iron imp hits you.
You hit the chaos spawn. You freeze the chaos spawn.
The chaos spawn is heavily wounded.
The chaos spawn misses you. The shadow imp barely misses you.
The iron imp hits you!
You hit the chaos spawn but do no damage.
You claw the chaos spawn.
The chaos spawn is heavily wounded.
The chaos spawn hits you!
* * * LOW HITPOINT WARNING * * *
The shadow imp hits you but does no damage.
The chaos spawn hits you.
* * * LOW HITPOINT WARNING * * *
You resist with some effort. The iron imp closely misses you.
The shadow imp hits you but does no damage.
It was a potion of heal wounds.
You feel much better. The chaos spawn closely misses you.
The shadow imp completely misses you.
The iron imp hits you but does no damage.
Okay, then.
You closely miss the chaos spawn. You claw the chaos spawn.
The chaos spawn is severely wounded.
The chaos spawn hits you!
You are engulfed in flames!
* * * LOW HITPOINT WARNING * * *
The shadow imp hits you.
* * * LOW HITPOINT WARNING * * *
The iron imp closely misses you.
You closely miss the chaos spawn.
The chaos spawn is severely wounded.
The chaos spawn gores you.
* * * LOW HITPOINT WARNING * * *
You feel your power leaking away. The shadow imp completely misses you.
The iron imp hits you.
You die... "I guess I need a new plaything now."

+.....<....#
#.........##
###......###
##.......# #####
##...##.....
##...###...##
###..
######...>.....##
##
.......4.......#
.......@........#
......55####....#
........# ##...#
.......## ##..[#
#...... ....#
##..... ....
....... .......


You could see a chaos spawn (summoned, poisoned), an iron imp (summoned) and a
shadow imp (summoned).

Vanquished Creatures
  Crazy Yiuf (D:3)
  Natasha (twice) (D:3)
  3 adders
  A dart slug (D:1)
  An orc (D:3)
  5 bats
  4 endoplasms
  A giant cockroach (D:4)
  7 goblins
  4 hobgoblins (D:2)
  4 jackals (D:1)
  2 kobolds
  6 quokkas
  8 ball pythons
  4 frilled lizards
  4 rats
57 creatures vanquished.

Notes
Turn   | Place    | Note
-------+----------+-------------------------------------------
     0 | D:1      | Barriton the Draconian Chaos Knight began the quest for the
                  | Orb.
     0 | D:1      | Reached XP level 1. HP: 19/19 MP: 1/1
   175 | D:1      | Reached XP level 2. HP: 27/27 MP: 2/2
  1087 | D:2      | XOM: smoke on damage
  1089 | D:2      | Reached XP level 3. HP: 30/33 MP: 3/3
  1427 | D:2      | XOM: silly message
  1595 | D:2      | XOM: silly message
  1783 | D:3      | Reached XP level 4. HP: 23/40 MP: 4/4
  1874 | D:3      | Found Esoetoarph's Magic Scroll Shoppe.
  1959 | D:3      | Found Irucwo's Assorted Antiques.
  2033 | D:3      | XOM: silly message
  2311 | D:3      | Found Ysomet's General Store.
  2384 | D:3      | Noticed Natasha
  2396 | D:3      | Killed Natasha
  2564 | D:3      | Noticed Natasha
  2600 | D:3      | Killed Natasha
  2675 | D:3      | Found Guimafy's Distillery.
  2708 | D:3      | Bought a potion of mutation for 96 gold pieces
  2708 | D:3      | Gained mutation: You are dopey. (Int -2) [potion of
                  | mutation]
  2708 | D:3      | Gained mutation: You have sharp toenails. [potion of
                  | mutation]
  2708 | D:3      | Gained mutation: You do not regenerate when monsters are
                  | visible. [potion of mutation]
  2708 | D:3      | Gained mutation: You have a pair of small antennae on your
                  | head. [potion of mutation]
  2730 | D:3      | Found a runed translucent door.
  2731 | D:3      | Noticed Crazy Yiuf
  2851 | D:3      | Found Hiafeiff's Distillery.
  2894 | D:3      | Noticed Natasha
  3018 | D:3      | XOM: give mutation
  3018 | D:3      | Lost mutation: You do not regenerate when monsters are
                  | visible. [Xom's mischief]
  3115 | D:3      | XOM: smoke on damage
  3117 | D:3      | Killed Crazy Yiuf
  3118 | D:3      | Reached skill level 1 in Stealth
  3118 | D:3      | Reached XP level 5. HP: 36/46 MP: 0/5
  3275 | D:4      | XOM: summons 3 hostile demons
  3276 | D:4      | Noticed a chaos spawn
  3279 | D:4      | HP: 2/46 [chaos spawn[Xom] (5)]
  3282 | D:4      | Slain by an iron imp

Illustrated notes

Levels and vault maps discovered:
D:1:      minmay_arrival_jagged, layout_basic
D:2:      layout_loops_ring
D:3:      layout_basic, serial_shops, nicolae_shop_statue_plus,
          nicolae_lakefront_shop, nicolae_shop_behind_doors,
          nicolae_lakefront_shop, shop, uniq_crazy_yiuf_cottage, uniq_natasha
D:4:      layout_layer_cave, dk_yredelemnul_ordeal, kennysheep_generic_room_10

Skill      XL: |  1  2  3  4 |
---------------+-------------+-----
Fighting       | 4 |  4.2
Long Blades    | 4 |  4.6
Dodging        | 3 |  3.0
Stealth        | 1 |  1.0
Throwing       | |  0.2

Action                   |  1- 3 |  4- 6 || total
-------------------------+-------+-------++-------
Melee: Falchion          |   135 |    52 ||   187
       Tailslap          |    12 |     5 ||    17
       Kick              |       |     7 ||     7
       Quarterstaff      |       |     8 ||     8
Throw: Dart              |       |     3 ||     3
  Use: Scroll            |     9 |     7 ||    16
       Potion            |       |     3 ||     3
 Stab: Sleeping          |     1 |       ||     1
Armor: Skin              |    36 |    10 ||    46
Dodge: Dodged            |    99 |    38 ||   137

Table legend: (Time is in decaauts)
 A = Elapsed time spent in this place.
 B = Non-inter-level travel time spent in this place.
 C = Inter-level travel time spent in this place.
 D = Time resting spent in this place.
 E = Time spent auto-exploring this place.
 F = Levels seen in this place.
 G = Mean time per level.
                   A        B        C        D        E       F      G
               +--------+--------+--------+--------+--------+-----+--------+
         Total |   3317 |   3244 |     73 |      0 |   2726 |   4 |  829.2 |
       Dungeon |   3317 |   3244 |     73 |      0 |   2726 |   4 |  829.2 |
               +--------+--------+--------+--------+--------+-----+--------+

Top non-repeatable levels by time:
     D:3: 1514 daAuts
     D:1: 1097 daAuts
     D:2: 681 daAuts
     D:4: 24 daAuts
